 Dungeon Crawl Stone Soup version 0.29.0-5-ge4962eb29e (webtiles) character file.

Game seed: 12516064095590423174

307 MeatBomb the Cleaver (level 6, -1/41 (51) HPs)
             Began as a Minotaur Berserker on Aug 28, 2022.
             Was a Believer of Trog.
             Slain by an orc
             ... wielding a +2 whip of draining
              (3 damage)
             ... on level 4 of the Dungeon.
             The game lasted 00:15:07 (3009 turns).

MeatBomb the Cleaver (Minotaur Berserker)           Turns: 3009, Time: 00:15:08

HP:   -1/41 (51)    AC:  8    Str: 24    XL:     6   Next: 16%
MP:   5/5           EV:  8    Int:  4    God:    Trog [**....]
Gold: 122           SH:  0    Dex:  9    Spells: 5/5 levels left

rFire   . . .      SeeInvis .   a - +0 hand axe
rCold   + . .      Faith    .   (no shield)
rNeg    . . .      Spirit   .   g - +0 chain mail
rPois   .          Reflect  .   (helmet restricted)
rElec   .          Harm     .   (no cloak)
rCorr   .          Rampage  .   (no gloves)
Will    .....                   (no boots)
Stlth   ..........              (no amulet)
HPRegen 0.13/turn               k - ring of flight
MPRegen 0.09/turn               n - ring of protection from cold

@: confused, flying, heavily drained
A: horns 2, retaliatory headbutt
a: Renounce Religion, Berserk, Trog's Hand


You were on level 4 of the Dungeon.
You worshipped Trog.
Trog was pleased with you.
You visited 1 branch of the dungeon, and saw 4 of its levels.

You collected 122 gold pieces.

Inventory:

Hand Weapons
 a - a +0 hand axe (weapon)
Missiles
 c - 12 stones (quivered)
 i - 9 poisoned darts
 j - a throwing net
Armour
 g - a +0 chain mail (worn)
Jewellery
 k - a ring of flight (left hand)
 n - a ring of protection from cold (right hand)
Wands
 m - a wand of flame (13)
Scrolls
 e - 2 scrolls of identify
 f - 2 scrolls of fear
 l - a scroll of butterflies
Potions
 b - 2 potions of curing {unknown}
 d - 3 potions of heal wounds
 h - a potion of haste {unknown}


   Skills:
 - Level 3.6 Fighting
 * Level 8.4 Axes
 - Level 2.4 Armour
 - Level 2.1 Dodging


You had 5 spell levels left.
You didn't know any spells.
Your spell library was empty.

Dungeon Overview and Level Annotations

Branches:
Dungeon (4/15)
 Temple: D:4-7

Altars:
Dithmenos
Elyvilon
Hepliaklqana
Okawaru

Shops:
D:3 :


Innate Abilities, Weirdness & Mutations

You have a pair of horns on your head.
You reflexively headbutt those who attack you in melee.


Message History

You hit the orc.
You kill the orc!
Trog accepts your kill.
You can now call upon Trog for regeneration and willpower.
You completely miss something.
You hear some strange, mumbled words.
A magic dart appears from out of thin air!
The magic dart hits you.
You bump into the stone wall.
The orc hits you with a +2 whip of draining.
You feel drained. Something hits you.
You miss something. You miss the orc. The orc closely misses you.
Something hits you.
You bump into the rock wall.
The orc closely misses you. Something hits you.
You closely miss the orc. You barely miss something.
The orc hits you but does no damage.
You feel drained.
You hear some strange, mumbled words.
You are more confused.
You hit something but do no damage. You closely miss the orc.
The orc hits you with a +2 whip of draining.
You feel drained. Something hits you but does no damage.
You bump into the stone wall.
The orc hits you with a +2 whip of draining!
You feel drained.
You hear some strange, mumbled words.
Something tries to affect you, but you resist.
You're too confused to move!
The orc hits you with a +2 whip of draining.
* * * LOW HITPOINT WARNING * * *
You feel drained.
* * * LOW HITPOINT WARNING * * *
Something hits you but does no damage.
You bump into the rock wall.
The orc hits you with a +2 whip of draining.
* * * LOW HITPOINT WARNING * * *
You feel drained. Something hits you.
* * * LOW HITPOINT WARNING * * *
You are too injured to fight recklessly!
The orc hits you with a +2 whip of draining.
You die...

#### ##############....#
#........)o@.......
#.####.####{####.## #.#
#.##.....## ##
#.####.#.......#...
#......#.......#.#
#..###....._.......
######..###.#.......#.##
..........#.#.......#..#
#.......#.#.##.....## ..


You could see an orc.

Vanquished Creatures
  Grinder (D:3)
  Terence (D:3)
  Robin (D:3)
  An adder (D:4)
  2 dart slugs (D:2)
  2 orcs (D:4)
  5 ball pythons
  4 endoplasms
  6 goblins
  7 hobgoblins
  6 kobolds
  3 quokkas
  5 bats
  4 frilled lizards (D:2)
  A rat (D:1)
49 creatures vanquished.

Vanquished Creatures (others)
  2 fungi (D:2)
  A plant (D:2)
3 creatures vanquished.

Grand Total: 52 creatures vanquished

Notes
Turn   | Place    | Note
-------+----------+-------------------------------------------
     0 | D:1      | MeatBomb the Minotaur Berserker began the quest for the
                  | Orb.
     0 | D:1      | Reached XP level 1. HP: 19/19 MP: 0/0
   281 | D:1      | Reached skill level 4 in Axes
   533 | D:1      | Reached XP level 2. HP: 17/26 MP: 1/1
   951 | D:2      | Reached skill level 5 in Axes
  1017 | D:2      | Found a faded altar of an unknown god.
  1080 | D:2      | Reached XP level 3. HP: 31/31 MP: 2/2
  1290 | D:2      | Reached ** piety under Trog
  1718 | D:3      | Found a shadowy altar of Dithmenos.
  1743 | D:3      | Noticed Grinder
  1758 | D:3      | Killed Grinder
  1759 | D:3      | Reached skill level 8 in Axes
  1759 | D:3      | Reached XP level 4. HP: 29/39 MP: 3/3
  1759 | D:3      | Reached XP level 5. HP: 34/45 MP: 4/4
  1913 | D:3      | Found Eraomoy's Book Emporium.
  1945 | D:3      | Found an iron altar of Okawaru.
  2028 | D:3      | Noticed Terence
  2038 | D:3      | Killed Terence
  2039 | D:3      | Reached XP level 6. HP: 44/51 MP: 5/5
  2582 | D:3      | Noticed Robin
  2596 | D:3      | Killed Robin
  2783 | D:3      | Found a hazy altar of Hepliaklqana.
  2931 | D:4      | Found a white marble altar of Elyvilon.
  3008 | D:4      | HP: 2/41 [something (2)]
  3009 | D:4      | Slain by an orc

Illustrated notes

Levels and vault maps discovered:
D:1:      nzn_arrival_settlement, layout_basic
D:2:      layout_basic, serial_glass, glass_columns_b, glass_columns_c,
          glass_columns_a, glass_columns_b, glass_columns_b, glass_columns_a,
          glass_columns_b, glass_columns_c, shapermc_ecumenical_altar_ellora,
          solitary_fountain
D:3:      layout_basic, nicolae_overflow_crystal_walls,
          lemuel_coloured_pillars_altar, mainiacjoe_overflow_24_doors,
          serial_shops, shop_coins, uniq_robin, uniq_grinder, uniq_terence
D:4:      layout_loops_ring, nicolae_ru_awakened_eye, old_standard_altar

Skill      XL: |  1  2  3 |
---------------+----------+-----
Axes           | 4 5 8 |  8.4
Fighting       | |  3.6
Armour         | |  2.4
Dodging        | |  2.1

Action                   |  1- 3 |  4- 6 || total
-------------------------+-------+-------++-------
Melee: Hand axe          |    80 |    66 ||   146
       Headbutt          |     4 |     6 ||    10
       Punch             |     1 |       ||     1
Throw: Stone             |       |     5 ||     5
Invok: Berserk           |     1 |     1 ||     2
       Trog's Hand       |     1 |       ||     1
  Use: Scroll            |     5 |     1 ||     6
 Stab: Sleeping          |     1 |       ||     1
Armor: Chain mail        |    35 |    29 ||    64
       Ring mail         |     4 |       ||     4
Dodge: Dodged            |    29 |    22 ||    51
